 Dungeon Crawl Stone Soup version 0.27.0-1-g7a089689b8 (webtiles) character file.

Game seed: 5284066129977559479

108 oldmanjim the Ducker (level 4, -8/26 HPs)
             Began as a Deep Elf Gladiator on Aug 3, 2021.
             Mangled by Sigmund (9 damage)
             ... on level 2 of the Dungeon.
             The game lasted 00:11:34 (2500 turns).

oldmanjim the Ducker (Deep Elf Gladiator)           Turns: 2500, Time: 00:11:35

Health: -8/26      AC:  4    Str: 11    XL:     4   Next: 58%
Magic:  9/9        EV: 13    Int: 14    God:
Gold:   80         SH:  0    Dex: 16    Spells: 7/7 levels left

rFire    . . .     SeeInvis .   a - +0 quarterstaff
rCold    . . .     Faith    .   (shield currently unavailable)
rNeg     . . .     Spirit   .   b - +0 leather armour
rPois    .         Reflect  .   c - +0 helmet
rElec    .         Harm     .   (no cloak)
rCorr    .         Rampage  .   (no gloves)
Will     .....                  (no boots)
Stlth    ++........             (no amulet)
HPRegen  0.08/turn              (no ring)
MPRegen  0.11/turn              (no ring)

@: no status effects
A: no striking features
a: no special abilities


You were on level 2 of the Dungeon.
You visited 1 branch of the dungeon, and saw 2 of its levels.

You collected 80 gold pieces.

Inventory:

Hand Weapons
 a - a +0 quarterstaff (weapon)
 h - a +1 dagger of flaming
Missiles
 d - a throwing net (quivered)
 j - 16 stones
Armour
 b - a +0 leather armour (worn)
 c - a +0 helmet (worn)
Scrolls
 e - a scroll of teleportation {unknown}
 f - a scroll of identify {unknown}
 g - a scroll of vulnerability {unknown}
Potions
 i - a potion of curing {unknown}
 k - a potion of attraction {unknown}


   Skills:
 - Level 2.0 Fighting
 + Level 3.7 Staves
 - Level 2.0 Throwing
 + Level 4.5 Dodging
 + Level 2.4 Stealth
 + Level 2.0 Spellcasting


You had 7 spell levels left.
You didn't know any spells.
Your spell library contained the following spells:

 Spells                   Type           Power      Damage    Failure   Level
 Summon Guardian Golem    Hex/Summ       1%         N/A       67%         3
 Orb of Destruction       Conj           0%         N/A       100%        7
 Spellforged Servitor     Conj/Summ      0%         N/A       100%        7


Dungeon Overview and Level Annotations

Branches:
Dungeon (2/15)

Altars:
Sif Muna

Annotations:
D:2 Sigmund


Message History

k - a metallic pink potion Throw: 3 throwing nets
Press: ? - help, Q - select action, (/) - cycle Shift-Dir - straight line, f - Sigmund
Aim: Sigmund, wielding a +0 scythe and wearing a +0 robe (asleep, 98% to hit)
You throw a throwing net. The throwing net hits Sigmund.
Sigmund is caught in the net!
Sigmund shouts!
Sigmund struggles against the net.
Sigmund struggles against the net.
Sigmund gestures at you while chanting. The magic dart hits you.
Sigmund struggles against the net.
Found a scroll labelled NEWAPSEUMY.
Sigmund struggles against the net.
The net rips apart, and Sigmund comes free!
Sigmund closely misses you.
Throw: 2 throwing nets
Press: ? - help, Q - select action, (/) - cycle Shift-Dir - straight line, f/p - Sigmund
Aim: Sigmund, wielding a +0 scythe and wearing a +0 robe (58% to hit)
You throw a throwing net. The throwing net hits Sigmund.
Sigmund is caught in the net!
Sigmund struggles against the net.
Sigmund screams, "You will never...
NEVER!!!"
Sigmund mumbles some strange words.
Sigmund flickers and vanishes!
Deactivating autopickup; reactivate with Ctrl-A.
Something wriggles in the net.
No target in view!
You hit something. You barely miss something.
Something wriggles in the net.
You barely miss something.
Something wriggles in the net.
You closely miss something.
Something wriggles in the net.
You hit something but do no damage.
Something wriggles in the net.
All of a sudden the net rips apart!
You hit something but do no damage. Something hits you but does no damage.
Something hits you!
You closely miss something. Something barely misses you.
You hit something. Something hits you!
* * * LOW HITPOINT WARNING * * *
You barely miss something. Something hits you!
You die...

#........# #### #........#
#........# #####....>...#
#####............#
.................+ ##_#####
.###......#.?.....###### .......#
....?._................# .P..P..#
##..{@..####....##.#.# ..P..P.#
#......# #.......#.# .P...P.##
##.....# #..#.####<# ..P...#.#
##....# #..#.# ###
......#.###############..#..
P.....#..................########
#..P##..################.........
#...#...# ########## .###..###


There were no monsters in sight!

Vanquished Creatures
  4 gnolls (D:2)
  A dart slug (D:1)
  5 endoplasms
  4 giant cockroaches (D:1)
  6 goblins
  5 hobgoblins
  9 jackals
  7 kobolds
  3 quokkas
  6 bats
  3 frilled lizards
  5 rats
58 creatures vanquished.

Vanquished Creatures (others)
  8 demonic plants (D:2)
  6 fungi (D:2)
  4 plants (D:2)
  6 withered plants (D:2)
24 creatures vanquished.

Grand Total: 82 creatures vanquished

Notes
Turn   | Place    | Note
-------+----------+-------------------------------------------
     0 | D:1      | oldmanjim the Deep Elf Gladiator began the quest for the
                  | Orb.
     0 | D:1      | Reached XP level 1. HP: 12/12 MP: 3/3
   359 | D:1      | Reached skill level 1 in Stealth
   359 | D:1      | Reached XP level 2. HP: 17/17 MP: 4/4
   535 | D:1      | Reached skill level 4 in Dodging
   743 | D:1      | Reached XP level 3. HP: 18/21 MP: 5/5
  1005 | D:1      | Reached skill level 1 in Spellcasting
  1373 | D:2      | Found a shimmering blue altar of Sif Muna.
  1373 | D:2      | Noticed Sigmund
  1575 | D:2      | Reached XP level 4. HP: 11/26 MP: 6/8
  2438 | D:2      | Found a faded altar of an unknown god.
  2499 | D:2      | HP: 1/26 [something (10)]
  2500 | D:2      | Mangled by Sigmund

Illustrated notes

Levels and vault maps discovered:
D:1:      minmay_arrival_glassed_features, layout_loops_ring,
          minmay_worlds_worst_comb
D:2:      layout_basic, basic_altar, shapermc_ecumenical_altar_gd,
          kennysheep_nondescript, uniq_sigmund

Skill      XL: |  1  2  3  4 |
---------------+-------------+-----
Stealth        | 1 2 |  2.4
Dodging        | 4 |  4.5
Fighting       | 2 |  2.0
Spellcasting   | 1 2 |  2.0
Staves         | |  3.7
Throwing       | |  2.0

Action                   |  1- 3 |  4- 6 || total
-------------------------+-------+-------++-------
Melee: Quarterstaff      |   119 |    57 ||   176
Throw: Throwing net      |       |     2 ||     2
 Stab: Sleeping          |     4 |     1 ||     5
Armor: Leather armour    |    37 |    12 ||    49
Dodge: Dodged            |    92 |    25 ||   117
